 Dungeon Crawl Stone Soup version 0.22.1-1-ga44c0e56f4 (webtiles) character file.

515 LLavrengius the Caller (level 7, -2/56 HPs)
             Began as a Merfolk Summoner on Oct 9, 2018.
             Was a Priest of Jiyva.
             Killed from afar by a fire crab (5 damage)
             ... with a blast of flame
             ... created by the adversity of Qazlal
             ... on level 8 of the Dungeon.
             The game lasted 00:22:36 (5372 turns).

LLavrengius the Caller (Merfolk Summoner)           Turns: 5372, Time: 00:22:37

Health: -2/56      AC:  5    Str: 10    XL:     7   Next: 20%
Magic:  10/10      EV:  7    Int: 16    God:    Jiyva [***...]
Gold:   188        SH:  0    Dex: 19    Spells: 4/10 levels left

rFire    . . .     SeeInvis .   C - +1 spear
rCold    x x .     Gourm    .   (no shield)
rNeg     . . .     Faith    .   a - +0 robe
rPois    +         Spirit   .   u - +0 helmet
rElec    .         Reflect  .   w - +0 cloak
rCorr    +         Harm     .   D - +0 pair of gloves
MR       .....                  (no boots)
Stlth    ++........             (no amulet)
HPRegen  0.18/turn              m - ring of poison resistance
MPRegen  0.12/turn              z - +6 ring of dexterity

@: petrifying (expiring), very slow
A: change form in water, swift swim, stealthy swim, [cold vulnerability 2]
a: Request Jelly, Renounce Religion


You were on level 8 of the Dungeon.
You worshipped Jiyva.
Jiyva was most pleased with you.
You were not hungry.

You visited 1 branch of the dungeon, and saw 7 of its levels.

You collected 188 gold pieces.

Inventory:

Hand Weapons
 g - a +0 short sword
 s - a +3 hunting sling
 C - a +1 spear (weapon)
Missiles
 f - 97 stones (quivered)
 v - 23 sling bullets
Armour
 a - a +0 robe (worn)
 h - a +0 pair of gloves
 u - a +0 helmet (worn)
 w - a +0 cloak (worn)
 D - a +0 pair of gloves (worn)
Jewellery
 m - a ring of poison resistance (left hand)
 q - an uncursed amulet of harm
 z - a +6 ring of dexterity (right hand)
Wands
 e - a wand of polymorph (19)
 E - a wand of flame (8)
Scrolls
 b - 5 scrolls of identify
 k - 2 scrolls of fear
 l - 6 scrolls of remove curse
 y - 4 scrolls of teleportation
 A - a scroll of noise {unknown}
Potions
 d - a potion of ambrosia {unknown}
 i - 2 potions of mutation {unknown}
 o - 6 potions of curing
 t - 2 potions of flight {unknown}
 x - 2 potions of agility {unknown}
 B - 2 potions of berserk rage {unknown}
 G - a potion of heal wounds {unknown}
 H - 2 potions of haste {unknown}
Comestibles
 c - 10 rations


   Skills:
 + Level 5.4 Fighting
 - Level 3.1 Dodging
 - Level 2.1 Stealth
 - Level 2.0 Spellcasting
 + Level 6.5 Summonings


You had 4 spell levels left.
You knew the following spells:

 Your Spells              Type           Power        Failure   Level  Hunger
a - Summon Small Mammal   Summ           ###.         1%          1    #......
b - Call Imp              Summ           ###.....     2%          2    ###....
c - Call Canine Familiar  Summ           ###.....     4%          3    ###....

Your spell library contained the following spells:

 Spells                   Type           Power        Failure   Level  Hunger
 Summon Guardian Golem    Hex/Summ       ##......     16%         3    ###....
 Summon Ice Beast         Ice/Summ       ##......     47%         4    #####..
 Summon Lightning Spire   Summ/Air       ##......     47%         4    #####..


Dungeon Overview and Level Annotations

Branches:
Dungeon (8/15)             Temple (0/1) D:7
   Lair: D:8-11

Altars:
Cheibriados
Fedhas
Kikubaaqudgha
Makhleb
Qazlal
Ru
Trog
The Shining One
Jiyva

Shops:
D:8 %


Innate Abilities, Weirdness & Mutations

You revert to your normal form in water.
You are very nimble and swift while swimming.
You are very stealthy in the water. (Stealth+)
[You are very vulnerable to cold. (rC--)]


Message History

Jiyva appreciates your sacrifice.
You feel a little less hungry.
You start resting.
Magic restored.
Unknown command.
You start resting.
Qazlal causes a mighty clap of thunder!
Qazlal incites the elements against you!
A basilisk and a fire crab come into view.
The basilisk gazes at you.
You are slowing down.
The fire crab breathes flames at you. The blast of flame engulfs you!
Your limbs are stiffening.
You are engulfed in blazing flames.
* * * LOW HITPOINT WARNING * * *
The basilisk gazes at you.
Your limbs have turned to stone.
The fire crab breathes flames at you. The blast of flame engulfs you!
You die...

#......# #.# #.##.#.##### #.#
#....#.#...# #.# ######.#.#.#
#.# .........#.#########.####
.##...>..............J..#
.#.......#.#............#
.#..##...#.#....##§§t...##
................@§§§l....#
....#..........§##§##..#.#####
..................§§..........
........#.##....##.##..##.####
###.#.#................# .#
###.#.#...########.##.## #
..........# #.##.#
###.########## #.##.#
#........... .....#


You could see a fire crab, a basilisk and a neutral jelly (fellow slime).

Vanquished Creatures
  A phantom (D:4)
  A centaur (D:8)
  A bullfrog skeleton (D:8)
  Natasha (D:2)
  A howler monkey zombie (D:5)
  4 adders
  An ooze (D:1)
  A leopard gecko (D:1)
  An orc (D:3)
  A ball python (D:2)
  3 giant cockroaches
  2 goblins (D:1)
  4 hobgoblins
  3 jackals
  A quokka (D:2)
  10 bats
  6 frilled lizards
  A jackal skeleton (D:5)
  5 kobolds
  A quokka skeleton (D:4)
  3 rats (D:2)
52 creatures vanquished.

Vanquished Creatures (collateral kills)
  A wyvern (D:8)
  An orc warrior (D:7)
  A bullfrog (D:7)
  A quasit (D:8)
  Crazy Yiuf (D:2)
  An orc wizard (D:7)
  Natasha (twice) (D:2)
  2 adders
  An adder skeleton (D:8)
  A worm (D:3)
  2 giant cockroaches
  A hobgoblin (D:1)
  A jackal (D:3)
  A quokka (D:4)
  A frilled lizard (D:2)
  2 goblins
  2 kobolds
22 creatures vanquished.

Vanquished Creatures (others)
  Psyche (D:8)
  2 sky beasts (D:8)
  An ogre (D:8)
  An orc priest (D:8)
  6 jellies (D:8)
  An orc wizard (D:8)
  An orc (D:8)
13 creatures vanquished.

Grand Total: 87 creatures vanquished

Notes
Turn   | Place    | Note
-------+----------+-------------------------------------------
     0 | D:1      | LLavrengius the Merfolk Summoner began the quest for the
                  | Orb.
     0 | D:1      | Reached XP level 1. HP: 13/13 MP: 3/3
   398 | D:1      | Reached XP level 2. HP: 13/20 MP: 5/5
   503 | D:1      | Learned a level 2 spell: Call Imp
   584 | D:1      | Reached skill level 1 in Fighting
   818 | D:1      | Reached XP level 3. HP: 14/26 MP: 6/6
  1362 | D:2      | Noticed Natasha
  1637 | D:2      | Killed Natasha
  1746 | D:2      | Noticed Natasha
  1761 | D:2      | Killed Natasha
  1761 | D:2      | Reached XP level 4. HP: 13/34 MP: 0/7
  1988 | D:2      | Noticed Natasha
  2014 | D:2      | Killed Natasha
  2203 | D:2      | Learned a level 3 spell: Call Canine Familiar
  2495 | D:2      | Reached skill level 5 in Summonings
  2633 | D:2      | Found a runed door.
  2792 | D:2      | Noticed Crazy Yiuf
  2800 | D:2      | Killed Crazy Yiuf
  2800 | D:2      | Reached XP level 5. HP: 35/41 MP: 1/8
  3537 | D:3      | Found a burning altar of Makhleb.
  3816 | D:4      | Found a snail-covered altar of Cheibriados.
  3857 | D:4      | Noticed a phantom
  3881 | D:4      | Killed a phantom
  3881 | D:4      | Reached XP level 6. HP: 40/48 MP: 1/9
  4026 | D:4      | Found a sacrificial altar of Ru.
  4026 | D:4      | Found a faded altar of an unknown god.
  4031 | D:4      | Found a faded altar of an unknown god.
  4033 | D:4      | Found a glowing golden altar of the Shining One.
  4035 | D:4      | Found a blossoming altar of Fedhas.
  4047 | D:4      | Became a worshipper of Qazlal Stormbringer
  4047 | D:4      | Reached * piety under Qazlal
  4097 | D:4      | Found a bloodstained altar of Trog.
  4373 | D:4      | Fell from the grace of Qazlal
  4373 | D:4      | Became a worshipper of Jiyva Jesyetro the Shapeless
  4373 | D:4      | Reached * piety under Jiyva
  4514 | D:5      | Entered Level 5 of the Dungeon
  4663 | D:5      | You fall through a shaft for 2 floors!
  4663 | D:7      | Noticed an orc warrior
  4690 | D:7      | Killed an orc warrior
  4690 | D:7      | Reached skill level 6 in Summonings
  4691 | D:7      | Found an ancient bone altar of Kikubaaqudgha.
  4849 | D:8      | Found Jukhi's Food Emporium.
  4907 | D:8      | Reached ** piety under Jiyva
  4982 | D:8      | Noticed a wyvern
  5008 | D:8      | Reached skill level 5 in Fighting
  5008 | D:8      | Reached XP level 7. HP: 6/56 MP: 7/10
  5043 | D:8      | Killed Psyche
  5285 | D:8      | Killed a wyvern
  5339 | D:8      | Reached *** piety under Jiyva
  5369 | D:8      | Noticed a fire crab
  5369 | D:8      | Noticed a basilisk
  5372 | D:8      | HP: 2/56 [fire crab][the adversity of Qazlal] (24)]
  5372 | D:8      | Killed from afar by a fire crab

Skill      XL: |  1  2  3  4  5  6 |
---------------+-------------------+-----
Dodging        | 3 |  3.1
Fighting       | 1 2 3 4 5 |  5.4
Summonings     | 5 6 |  6.5
Stealth        | |  2.1
Spellcasting   | |  2.0

Action                   |  1- 3 |  4- 6 |  7- 9 || total
-------------------------+-------+-------+-------++-------
Melee: Unarmed           |    26 |       |       ||    26
       Club              |    26 |       |       ||    26
       Short sword       |    87 |    13 |       ||   100
       Spear             |       |    47 |     7 ||    54
 Fire: Hunting sling     |       |    72 |       ||    72
 Cast: Summon Small Mamm |     4 |     2 |       ||     6
       Call Imp          |    12 |    19 |     2 ||    33
       Call Canine Famil |       |     8 |     3 ||    11
  Use: Scroll            |       |     9 |       ||     9
 Stab: Sleeping          |     3 |     3 |       ||     6
       Distracted        |       |     1 |     1 ||     2
  Eat: Chunk             |     3 |     9 |       ||    12
       Ration            |       |     1 |       ||     1
Armor: Robe              |    30 |    30 |     2 ||    62
Dodge: Dodged            |   107 |    63 |     5 ||   175
